 Dungeon Crawl Stone Soup version 0.23-a0-516-g0f8c245 (webtiles) character file.

39 galech the Skirmisher (level 3, 0/29 HPs)
             Began as a Demonspawn Fighter on Dec 5, 2018.
             Slain by Sigmund
             ... wielding a +0 scythe
              (2 damage)
             ... on level 2 of the Dungeon.
             The game lasted 00:01:03 (1231 turns).

galech the Skirmisher (Demonspawn Fighter)          Turns: 1231, Time: 00:01:03

Health: 0/29       AC:  7    Str: 21    XL:     3   Next: 26%
Magic:  3/3        EV:  7    Int:  9    God:
Gold:   63         SH:  9    Dex: 13    Spells: 2/2 levels left

rFire    . . .     SeeInvis .   a - +0 war axe
rCold    . . .     Gourm    .   c - +0 shield
rNeg     . . .     Faith    .   b - +0 scale mail
rPois    .         Spirit   .   (no helmet)
rElec    .         Reflect  .   (no cloak)
rCorr    .         Harm     .   (no gloves)
MR       .....                  (no boots)
Stlth    +.........             h - amulet of magic regeneration
HPRegen  0.09/turn              (no ring)
MPRegen  0.33/turn              (no ring)

@: mighty, drained
A: rugged brown scales 1, nightstalker 1
a: no special abilities


You were on level 2 of the Dungeon.
You were not hungry.

You visited 1 branch of the dungeon, and saw 2 of its levels.

You collected 63 gold pieces.

Inventory:

Hand Weapons
 a - a +0 war axe (weapon)
Armour
 b - a +0 scale mail (worn)
 c - a +0 shield (worn)
Jewellery
 h - an amulet of magic regeneration (around neck)
Scrolls
 e - a scroll of enchant armour {unknown}
 g - a scroll of identify {unknown}
 i - a scroll of fear {unknown}
Potions
 j - a potion of flight {unknown}
 k - a potion of haste {unknown}
Comestibles
 f - 2 rations


   Skills:
 + Level 3.1 Fighting
 + Level 2.3 Axes
 + Level 3.1(3.0) Armour
 + Level 3.1(3.0) Shields


You had 2 spell levels left.
You didn't know any spells.
Your spell library was empty.

Dungeon Overview and Level Annotations

Branches:
Dungeon (2/15)

Altars:

Annotations:
D:2 Sigmund


Innate Abilities, Weirdness & Mutations

You are partially covered in rugged brown scales. (AC +1, +3% HP)
You are slightly more attuned to the shadows.


Message History

You block Sigmund's attack. You block Sigmund's attack.
Sigmund hits you from afar with a +0 scythe!
* * * LOW HITPOINT WARNING * * *
You closely miss Sigmund.
A ball python comes into view.
Sigmund completely misses you.
The ball python moves out of view.
You hit Sigmund.
Sigmund is lightly wounded.
Sigmund closely misses you.
You slice Sigmund!!
Sigmund is severely wounded.
You block Sigmund's attack.
You closely miss Sigmund.
Sigmund is severely wounded.
Sigmund closely misses you.
You closely miss Sigmund.
Sigmund is severely wounded.
Sigmund hits you with a +0 scythe.
You die...

#. #.# ..# #. #.#
#+#.##.# #.#
##.#.#.# ### #.#
#.....## ..#
#.###..#.#.# #.#
#......@..# #.#
#.##..).@.#
#.###.###.........#
#..............##.#
#####.###.####.##.#
#.# #.# #.##.#
#####.# #.. .....#
......###### #.####
.......# #.#
.#####.# #####.#


You could see Sigmund.

Vanquished Creatures
  5 dart slugs
  2 leopard geckos
  2 giant cockroaches (D:1)
  3 goblins
  4 hobgoblins (D:1)
  5 kobolds
  2 bats (D:1)
  A frilled lizard (D:1)
24 creatures vanquished.

Notes
Turn   | Place    | Note
-------+----------+-------------------------------------------
     0 | D:1      | galech the Demonspawn Fighter began the quest for the Orb.
     0 | D:1      | Reached XP level 1. HP: 18/18 MP: 1/1
   136 | D:1      | Gained mutation: You are partially covered in rugged brown
                  | scales. (AC +1, +3% HP) [demonic ancestry]
   136 | D:1      | Reached XP level 2. HP: 6/24 MP: 2/2
   768 | D:1      | Gained mutation: You are slightly more attuned to the
                  | shadows. [demonic ancestry]
   768 | D:1      | Reached XP level 3. HP: 29/29 MP: 3/3
  1208 | D:2      | Noticed Sigmund
  1225 | D:2      | HP: 1/29 [Sigmund/+0 scythe (8)]
  1231 | D:2      | Slain by Sigmund

Vault maps used:
D:1:      dpeg_arrival_renting
D:2:      yredelemnul_altar_generic, uniq_sigmund

Skill      XL: |  1  2 |
---------------+-------+-----
Armour         | 3 |  3.1
Shields        | 3 |  3.1
Axes           | 2 |  2.3
Fighting       | |  3.1

Action                   || total
-------------------------++-------
Melee: War axe           ||    74
  Use: Potion            ||     1
  Eat: Chunk             ||     1
Armor: Scale mail        ||    39
Dodge: Dodged            ||    26
Block: Shield            ||    22

Table legend:
 A = Non-vault XP
 B = Vault XP
 C = Vault XP percentage of total XP
 D = Non-vault monster count
 E = Vault monster count
 F = Vault count percentage of total count
                 A         B        C        D         E       F
            +---------+---------+-------+---------+---------+-------
      Total |      56 |       0 |   0.0 |      24 |       0 |   0.0
            +---------+---------+-------+---------+---------+-------
        D:1 |      47 |       0 |   0.0 |      20 |       0 |   0.0
        D:2 |       9 |       0 |   0.0 |       4 |       0 |   0.0
            +---------+---------+-------+---------+---------+-------
